 Dungeon Crawl Stone Soup version 0.21.0-3-g78d12a8 (webtiles) character file.

7 Monsterracer the Grave Robber (level 1, 0/10 HPs)
             Began as a Deep Elf Necromancer on Jan 16, 2018.
             Slain by a ball python (2 damage)
             ... on level 1 of the Dungeon.
             The game lasted 00:00:29 (289 turns).

Monsterracer the Grave Robber (Deep Elf Necromancer) Turns: 289, Time: 00:00:29

Health: 0/10       AC:  3    Str:  5    XL:     1   Next: 91%
Magic:  1/6        EV: 13    Int: 19    God:
Gold:   8          SH:  0    Dex: 15    Spells: 5/6 levels left

rFire    . . .     SeeInvis .   f - +0 short sword
rCold    . . .     Gourm    .   (no shield)
rNeg     . . .     Faith    .   a - +0 robe
rPois    .         Spirit   .   (no helmet)
rElec    .         Reflect  .   g - +0 cloak
rCorr    .         Harm     .   (no gloves)
MR       .....                  (no boots)
Stlth    ++........             (no amulet)
HPRegen  0.03/turn              (no ring)
MPRegen  0.10/turn              (no ring)

@: no status effects
A: no striking features
a: no special abilities


You were on level 1 of the Dungeon.
You were not hungry.

You visited 1 branch of the dungeon, and saw 1 of its levels.

You collected 8 gold pieces.

Inventory:

Hand Weapons
 f - a +0 short sword (weapon)
Armour
 a - a +0 robe (worn)
 g - a +0 cloak (worn)
Scrolls
 d - a scroll of magic mapping {unknown}
Potions
 e - a potion of lignification {unknown}
Books
 b - a book of Necromancy

   Spells                             Type                      Level
   a - Pain                           Necromancy                   1
   b - Animate Skeleton               Necromancy                   1
   c - Vampiric Draining              Necromancy                   3
   d - Regeneration                   Charms/Necromancy            3
   e - Animate Dead                   Necromancy                   4
   f - Borgnjor's Vile Clutch         Necromancy/Earth             5
Comestibles
 c - 2 rations


   Skills:
 - Level 2.4 Dodging
 - Level 2.4 Stealth
 + Level 3.3 Spellcasting
 * Level 5.2 Necromancy


You had 5 spell levels left.
You knew the following spells:

 Your Spells              Type           Power        Failure   Level  Hunger
a - Pain                  Necr           ###.         1%          1    None


Dungeon Overview and Level Annotations

Branches:
Dungeon (1/15)

Altars:


Message History

There is an empty arch of ancient stone here.
There is an empty arch of ancient stone here.
A goblin comes into view. It is wielding a dagger of speed.
A goblin is nearby!
Casting: Pain
Confirm with . or Enter, or press ? or * to list all spells.
You can't see any susceptible monsters within range! (Use Z to cast anyway.)
Casting: Pain
Confirm with . or Enter, or press ? or * to list all spells.
Aiming: Pain
Press: ? - help, Shift-Dir - straight line, f - goblin
Aim: a goblin, wielding a dagger of speed (resting, chance to defeat MR: 91%)
The goblin shouts!
The goblin writhes in agony!
You kill the goblin!
Your Necromancy skill increases to level 5!
You hear a shout! x2
A rat comes into view.
You take 1 damage, and have 9/10 hp.
You now have 5/6 mp.
Casting: Pain
Confirm with . or Enter, or press ? or * to list all spells.
Aiming: Pain
Press: ? - help, Shift-Dir - straight line, f - rat
Aim: a rat (hasn't noticed you, chance to defeat MR: 91%)
The rat writhes in agony!
You take 1 damage, and have 8/10 hp.
You now have 4/6 mp.
Casting: Pain
Confirm with . or Enter, or press ? or * to list all spells.
Aiming: Pain
Press: ? - help, Shift-Dir - straight line, f/p - rat
Aim: a rat (heavily wounded, chance to defeat MR: 91%)
The rat writhes in agony!
You kill the rat!
A goblin comes into view. It is wielding a dagger.
You take 1 damage, and have 7/10 hp.
You now have 3/6 mp.
Casting: Pain
Confirm with . or Enter, or press ? or * to list all spells.
Aiming: Pain
Press: ? - help, Shift-Dir - straight line, f - goblin
Aim: a goblin, wielding a dagger (chance to defeat MR: 91%)
The goblin writhes in agony!
You take 1 damage, and have 6/10 hp.
You now have 2/6 mp.
You barely miss the goblin.
The goblin is heavily wounded.
The goblin barely misses you.
You hit the goblin.
The goblin is severely wounded.
The goblin hits you but does no damage.
You closely miss the goblin.
The goblin is severely wounded.
The goblin hits you with a dagger. The goblin barely misses you.
You take 1 damage, and have 6/10 hp.
You hit the goblin.
You kill the goblin!
A kobold comes into view.
The kobold shouts!
You hear an angry hiss.
The kobold throws a stone.
The stone hits you but does no damage.
Things that are here:
a stone; a dagger; a goblin corpse The kobold throws a stone.
The stone barely misses you.
Found 13 gold pieces.
Casting: Pain
Confirm with . or Enter, or press ? or * to list all spells.
Aiming: Pain
Press: ? - help, Shift-Dir - straight line, f - kobold
Aim: a kobold (chance to defeat MR: 91%)
The kobold writhes in agony!
The kobold throws a stone.
The stone hits you but does no damage.
Casting: Pain
Confirm with . or Enter, or press ? or * to list all spells.
Aiming: Pain
Press: ? - help, Shift-Dir - straight line, f/p - kobold
Aim: a kobold (moderately wounded, chance to defeat MR: 91%)
The kobold barely resists.
You take 2 damage, and have 4/10 hp.
You now have 1/6 mp.
Casting: Pain
Confirm with . or Enter, or press ? or * to list all spells.
Aiming: Pain
Press: ? - help, Shift-Dir - straight line, p - kobold Nothing appears to happen.
The kobold hits you but does no damage.
You take 1 damage, and have 3/10 hp.
You now have 0/6 mp.
You hit the kobold.
You kill the kobold!
A ball python comes into view.
Found a short sword and a scroll labeled CEJUAN MESTAF.
Things that are here:
12 stones; a dagger of speed; a goblin corpse
Casting: Pain
Confirm with . or Enter, or press ? or * to list all spells.
Aiming: Pain
Press: ? - help, Shift-Dir - straight line, f - ball python
Aim: a ball python (chance to defeat MR: 91%)
The ball python writhes in agony!
You take 1 damage, and have 2/10 hp.
You now have 0/6 mp.
The ball python barely misses you. The ball python grabs you.
The ball python constricts you.
You escape the ball python's grasp.
There is an empty arch of ancient stone here.
The ball python bites you.
You die...

#....##..♣....♣ # #.#....###..
######..........
#.###....(((..# #
###.<......♣..♣#..........#...#
#
#≈.............#..........#...#
#
#..............#####......###.#
#
♣..............♣###..........#.
#
♣................#∩#.......##..
# #....(♣.....8......##......#
# #.............@S...##......#
###.♣.................#......#
..#......[...........♣####...#
#.#...............♣...# ...#
#.##......#∩#........♣# ...#
#..##∩#####.#.#∩#...♣# ..#
##..#.# #####.##### ##...# ###
#####


You could see a ball python.

Vanquished Creatures
  3 goblins (D:1)
  3 kobolds (D:1)
  A rat (D:1)
7 creatures vanquished.

Notes
Turn   | Place    | Note
-------+----------+-------------------------------------------
     0 | D:1      | Monsterracer the Deep Elf Necromancer began the quest for the Orb.
     0 | D:1      | Reached XP level 1. HP: 10/10 MP: 6/6
   261 | D:1      | Reached skill level 5 in Necromancy
   289 | D:1      | Slain by a ball python

Skill      XL: |  1 |
---------------+----+-----
Necromancy     | 5 |  5.2
Dodging        | |  2.4
Stealth        | |  2.4
Spellcasting   | |  3.3

Action                   || total
-------------------------++-------
Melee: Short sword       ||     5
 Cast: Pain              ||    13
Armor: Robe              ||     3
Dodge: Dodged            ||     4

Vault maps used:
D:1:      nzn_arrival_settlement, minmay_pentomino_v4
